 Dungeon Crawl Stone Soup version 0.28.0-45-g0d030f2227 (webtiles) character file.

Game seed: 1403806210865121659

329 101zpm the Magician (level 6, -2/41 HPs)
             Began as a Djinni Ice Elementalist on Apr 12, 2022.
             Slain by an orc
             ... wielding the +10 quarterstaff "Icafeema" {drain, Fly rF- rC++ SInv}
              (13 damage)
             ... on level 3 of the Dungeon.
             The game lasted 00:15:11 (5032 turns).

101zpm the Magician (Djinni Ice Elementalist)       Turns: 5032, Time: 00:15:11

Health: -2/41      AC:  3    Str:  7    XL:     6   Next: 80%
Gold:   147        EV: 12    Int: 19    God:
                   SH:  0    Dex: 13

rFire   + + .      SeeInvis .   h - +2 dagger (venom)
rCold   x . .      Faith    .   (no shield)
rNeg    . . .      Spirit   .   a - +0 robe
rPois   ∞          Reflect  .   (no helmet)
rElec   .          Harm     .   (no cloak)
rCorr   .          Rampage  .   g - +0 pair of gloves
Will    +....                   (boots unavailable)
Stlth   ++........              (no amulet)
HPRegen 0.13/turn               p - ring of wizardry
MPRegen 0.00/turn               l - ring of willpower

@: freezing walls, flying
A: sickness immunity, fire resistance 2, cold vulnerability 1, float, innate
caster, HP casting, extra vitality 1
a: no special abilities


You were on level 3 of the Dungeon.
You visited 1 branch of the dungeon, and saw 4 of its levels.

You collected 147 gold pieces.

Inventory:

Hand Weapons
 h - a +2 dagger of venom (weapon)
 j - a +1 whip of flaming
Missiles
 c - 54 stones
 d - 17 sling bullets
 i - 30 bolts
Armour
 a - a +0 robe (worn)
 g - a +0 pair of gloves (worn)
Magical Staves
 b - a staff of air
Jewellery
 f - a ring of resist corrosion
 l - a ring of willpower (right hand)
 p - a ring of wizardry (left hand)
 r - the amulet "Cink" {Faith rPois rN+}
   (You found it on level 4 of the Dungeon)

   [amulet of faith]

   It allows you to gain divine favour quickly.
   rPois:     It protects you from poison.
   rN:        It protects you from negative energy.
Wands
 n - a wand of polymorph (7)
Scrolls
 e - a scroll of fear {unknown}
 m - 2 scrolls of identify {unknown}
 o - a scroll of noise {unknown}
Potions
 k - a potion of curing {unknown}
 q - a potion of might {unknown}
 s - a potion of mutation {unknown}


   Skills:
 + Level 0.7 Fighting
 + Level 0.5 Short Blades
 + Level 2.8 Dodging
 + Level 2.5 Stealth
 + Level 5.3 Spellcasting


You had one spell level left.
You knew the following spells:

 Your Spells              Type           Power      Damage    Failure   Level
a - Freeze                Ice            100%       1d11      1%          1
b - Frozen Ramparts       Ice            50%        1d7       1%          3
c - Ozocubu's Armour      Ice            25%        N/A       1%          3
d - Hailstorm             Conj/Ice       25%        3d7       5%          4
e - Beastly Appendage     Tmut           50%        N/A       1%          1
f - Call Imp              Summ           25%        N/A       1%          2
Your spell library was empty.

Dungeon Overview and Level Annotations

Branches:
Dungeon (4/15)
 Temple: D:4-7

Altars:
Ru
Vehumet

Shops:
D:4 [

Annotations:
D:3 3 runed translucent doors, Ablot's ghost, amateur GnCK; MeArio's ghost, amateur MiFi
D:4 Menkaure


Innate Abilities, Weirdness & Mutations

You are immune to sickness and miasma.
You are immune to poison.
Your flesh is very heat resistant. (rF++)
You are vulnerable to cold. (rC-)
You float through the air rather than walking.
You learn spells naturally, not from books.
Your magical power is your life essence.
You have superior vitality. (+4 MHP)


Message History

The wall freezes Natasha.
Natasha barely misses you.
Casting: Frozen Ramparts (safe; 1% risk of failure)
Confirm with . or Enter, or press ? or * to list all spells.
A beastly little devil appears in a puff of flame.
The crimson imp is frozen!
The wall freezes the crimson imp!
The wall freezes Natasha!
You kill Natasha!
Natasha screams in pain as she dies!
The crimson imp disappears in a puff of smoke!
You start resting.
The frozen ramparts melt away.
You start resting.
Your crimson imp blinks!
An orc is nearby!
Casting: Call Imp (safe; 1% risk of failure)
Confirm with . or Enter, or press ? or * to list all spells.
Casting: Frozen Ramparts (safe; 1% risk of failure)
Press: ? - help, Dir - look around, f - activate The walls around you are covered in ice.
The orc shouts!
The orc resists.
The wall freezes the orc.
The orc barely misses you.
Aiming: Freeze (safe; 1% risk of failure)
Press: ? - help, Q - select action, (/) - cycle Shift-Dir - straight line, f - orc
Aim: an orc, wielding the +10 quarterstaff "Icafeema" {drain, Fly rF- rC++ SInv} and wearing a +0 ring mail (lightly wounded)
You freeze the orc.
The orc resists.
The orc is moderately wounded.
The orc completely resists.
The wall freezes the orc but does no damage.
The orc hits you with the +10 quarterstaff "Icafeema" {drain, Fly rF- rC++ SInv}.
* * * LOW HITPOINT WARNING * * *
Unknown command.
Aiming: Freeze (safe; 1% risk of failure)
Press: ? - help, Q - select action, (/) - cycle Shift-Dir - straight line, f/p - orc
Aim: an orc, wielding the +10 quarterstaff "Icafeema" {drain, Fly rF- rC++ SInv} and wearing a +0 ring mail (moderately wounded, ally target)
You freeze the orc but do no damage.
The orc completely resists.
* * * LOW HITPOINT WARNING * * *
The orc completely resists.
The wall freezes the orc but does no damage.
The orc hits you with the +10 quarterstaff "Icafeema" {drain, Fly rF- rC++ SInv}!
You die...

.... ..<. ..... .....
#### .. ....... ..#
).. .#....###.#######
..........o..>)......
....##....#@5.#######
.......[. #†..#
.......)# #...#
#....))###...#
#............#
#####........#####
#.....<......#
#######.####.#
#################.#


You could see an orc (ally target) and a friendly crimson imp (summoned).

Vanquished Creatures
  A hound (D:4)
  A jelly (D:4)
  A centaur skeleton (D:4)
  Natasha (twice) (D:3)
  An orc wizard (D:3)
  2 adders
  4 gnolls
  2 worms (D:2)
  2 dart slugs (D:3)
  8 orcs (D:3)
  4 ball pythons
  3 endoplasms
  4 giant cockroaches
  10 goblins
  9 hobgoblins
  9 jackals
  11 kobolds
  3 quokkas
  8 bats
  A frilled lizard (D:2)
  5 rats
91 creatures vanquished.

Vanquished Creatures (collateral kills)
  An endoplasm (D:4)
1 creature vanquished.

Vanquished Creatures (others)
  4 plants (D:3)
  6 withered plants (D:3)
10 creatures vanquished.

Grand Total: 102 creatures vanquished

Notes
Turn   | Place    | Note
-------+----------+-------------------------------------------
     0 | D:1      | 101zpm the Djinni Ice Elementalist began the quest for the
                  | Orb.
     0 | D:1      | Reached XP level 1. HP: 15/15 MP: 0/0
   440 | D:1      | Reached XP level 2. HP: 8/21 MP: 0/0
   737 | D:1      | Reached XP level 3. HP: 24/25 MP: 0/0
   737 | D:1      | Learned a level 1 spell: Beastly Appendage
  1287 | D:2      | Reached skill level 4 in Spellcasting
  1568 | D:2      | Reached XP level 4. HP: 27/31 MP: 0/0
  2552 | D:3      | Found a sacrificial altar of Ru.
  3092 | D:3      | Found a runed translucent gate.
  3092 | D:3      | Found a runed translucent gate.
  3092 | D:3      | Found a runed translucent gate.
  3095 | D:3      | Noticed Natasha
  3097 | D:3      | Noticed Ablot's ghost (amateur GnCK)
  3097 | D:3      | Noticed MeArio's ghost (amateur MiFi)
  3101 | D:3      | Killed Natasha
  3102 | D:3      | Reached XP level 5. HP: 32/36 MP: 0/0
  3102 | D:3      | Learned a level 2 spell: Call Imp
  3722 | D:3      | Identified the +10 quarterstaff "Icafeema" {drain, Fly rF-
                  | rC++ SInv}
  3732 | D:3      | Noticed Natasha
  3881 | D:4      | Reached XP level 6. HP: 36/41 MP: 0/0
  3911 | D:4      | Reached skill level 5 in Spellcasting
  4040 | D:4      | Found Zamuwn's Antique Armour Boutique.
  4936 | D:4      | Identified the amulet "Cink" {Faith rPois rN+}
  4964 | D:4      | Noticed Menkaure
  4999 | D:3      | Killed Natasha
  5032 | D:3      | Slain by an orc

Illustrated notes

Levels and vault maps discovered:
D:1:      elethiomel_arrival_shortcut, layout_basic, minmay_crystal_room,
          minmay_tetromino_l4
D:2:      layout_loops_ring, corexii_corridor_pit
D:3:      minmay_recursive_quarters, layout_basic, lemuel_crystal_altar,
          gammafunk_ghost_cemetery, portal_sewer_entry_f,
          minmay_strange_pillars, guppyfry_early_lair_pool, uniq_natasha
D:4:      layout_cave_pools, nicolae_overflow_crystal_walls, zin_scriptorium,
          serial_shops, nicolae_square_shop, uniq_menkaure, uniq_pikel

Skill      XL: |  1  2  3  4  5  6 |
---------------+-------------------+-----
Spellcasting   | 4 5 |  5.3
Stealth        | 2 |  2.5
Fighting       | |  0.7
Short Blades   | |  0.5
Dodging        | |  2.8

Action                   |  1- 3 |  4- 6 || total
-------------------------+-------+-------++-------
Melee: Unarmed           |     1 |       ||     1
       Staff             |     1 |       ||     1
       Dagger            |       |    25 ||    25
 Cast: Freeze            |    42 |    63 ||   105
       Frozen Ramparts   |       |    19 ||    19
       Call Imp          |       |     9 ||     9
 Stab: Sleeping          |     1 |       ||     1
Armor: Robe              |     7 |    23 ||    30
Dodge: Dodged            |    17 |    58 ||    75
